Devils vs Ducks

Created - November 8, 2023 at 21:22

Goals
1 2 3 T
Devils 2 0 0 2
Ducks 3 0 2 5
Shots
1 2 3 T
Devils 9 4 7 20
Ducks 15 16 12 43

GoalsPenalties
1st period
1. Ducks , Adrian Kempe 4 (Jason Robertson 4, Brayden McNabb 2) at 1:36
2. Ducks , Joe Pavelski 4 (Jason Robertson 5, Moritz Seider 7) at 2:50 (PP)
3. Ducks , Mats Zuccarello 5 (Pierre-Luc Dubois 5, Phillip Danault 7) at 6:19
4. Devils , Travis Konecny 7 (Sam Reinhart 11) at 11:41
5. Devils , Mikhail Sergachev 3 (Sam Reinhart 12, Dougie Hamilton 7) at 12:32
Dougie Hamilton (NJD) for Cross-checking (Minor) at 1:57
Zach Hyman (ANA) for Hooking (Minor) at 12:06
Evgeni Malkin (NJD) for Roughing (Minor) at 12:06
Mike Hoffman (NJD) for Hooking (Minor) at 14:32
Nino Niederreiter (NJD) for Cross-checking (Minor) at 16:56
2nd period
No Goal
Travis Boyd (ANA) for Holding (Minor) at 4:27
Damon Severson (NJD) for Attempt to injure (Major / Game Misconduct) at 12:26
3rd period
6. Ducks , Jason Robertson 5 (Pierre-Luc Dubois 6, Moritz Seider 8) at 0:38 (PP)
7. Ducks , Moritz Seider 2 (Pierre-Luc Dubois 7, Tyson Barrie 4) at 10:28
Mikhail Sergachev (NJD) for Slashing (Minor) at 0:14
Chris Kreider (NJD) for Holding (Minor) at 4:26
Nino Niederreiter (NJD) for Hooking (Minor) at 15:00
Goalie Stats
Andrei Vasilevskiy (NJD), 38 saves from 43 shots - (0.884), L, 8-4-0, 60:00 minutes
Frederik Andersen (ANA), 18 saves from 20 shots - (0.900), W, 6-6-2, 60:00 minutes
3 StarsOfficial
1 - Moritz Seider (ANA)
2 - Jason Robertson (ANA)
3 - Pierre-Luc Dubois (ANA)
Referees : Pierre Lambert and TJ Luxmore
Linesman : Greg Devorski and Brendan Lewis
Game Note
Damon Severson (NJD) for Attempt to injure (Major / Game Misconduct) at 12:26
Damon Severson ejected from game at 12:26 of 2nd period
Finance
Level 1 -- Attendance: 6500 (100.00%) -- Ticket Income $715,000
Level 2 -- Attendance: 5000 (100.00%) -- Ticket Income $375,000
Level 3 -- Attendance: 2600 (100.00%) -- Ticket Income $145,600
Level 4 -- Attendance: 2074 (100.00%) -- Ticket Income $82,960
Luxury Box -- Attendance: 886 (88.60%) -- Ticket Income $176,314
Game was played at the Honda Center.
Total Attendance: 17060 (99.34%)
Total Ticket Income: $1,494,874
Other Income: $373,718
Total Income: $1,868,592



Team Name Goals Shots Shots Attemp Shots Blocked PIM HIT PP PK FO%
Devils 22036629230 / 1 (0%)256%
Ducks 5438254162 / 7 (29%)044%

Devils
Player Name POS G A P +/- PIM HIT SHT SB MP PP MP PP SHT PK MP PK SHT FO% FOT
Chris KreiderLW0000202016:401:1600:2300% 2
Damon SeversonD000-11500112:150:3902:4900% 0
Dominik KubalikLW000000001:550:0000:330100% 1
Dougie HamiltonD0110210226:381:2007:5300% 0
Dylan CozensC0000041121:140:0007:40041% 29
Erik GustafssonD000-2011023:430:3906:4900% 0
Evgeni MalkinC000-1213015:530:4311:43052% 23
Justin SchultzD0000020023:270:0008:0500% 0
Kyle OkposoRW0000010010:520:0008:4300% 0
Mathieu JosephRW0000020018:110:0004:370100% 1
Matt BoldyLW000-1004014:110:4300:0000% 2
Mike HoffmanLW0000200013:330:0000:000100% 1
Mikhail SergachevD1011213219:341:2012:2800% 0
Nicklas BackstromC000000006:140:0004:55067% 6
Nino NiederreiterRW000-1452014:090:4300:000100% 1
Sam ReinhartC0220003015:541:1600:00077% 22
Travis KonecnyRW101-1031015:351:1600:000100% 1
Urho VaakanainenD0000020013:430:0000:1000% 0
Ducks
Player Name POS G A P +/- PIM HIT SHT SB MP PP MP PP SHT PK MP PK SHT FO% FOT
Adam FoxD000-2004025:127:5130:5300% 0
Adrian KempeRW1011014019:327:2310:3600% 0
Brayden McNabbD0112010011:490:0000:0000% 0
Claude GirouxRW000000103:190:0000:00050% 4
Jack JohnsonD000000004:320:0000:0000% 0
Jason RobertsonLW1230006024:087:3821:07040% 5
Joe PavelskiC1011025020:037:3850:52040% 30
Mats ZuccarelloRW1011033012:320:0000:00050% 2
Moritz SeiderD1231021022:596:2101:0600% 0
Nikolaj EhlersLW000000004:020:2400:0000% 1
Patrick KaneRW0000004015:100:0000:00033% 3
Phillip DanaultC0111022019:066:3400:00038% 26
Pierre-Luc DuboisLW0330036121:596:4931:2300% 1
Rasmus DahlinD000-2011125:127:5110:5300% 0
Ryan McDonaghD000200017:170:0000:0000% 0
Travis BoydC0000211015:090:0000:00067% 15
Tyson BarrieD0111002222:596:2111:0600% 0
Zach HymanLW0000203021:006:1000:00050% 2



Play-by-Play

1st period


0:01 of 1st period - Sam Reinhart wins face-off versus Joe Pavelski in neutral zone.
0:14 of 1st period - Shot by Chris Kreider.
0:14 of 1st period - Stopped by Frederik Andersen without a rebound.
0:15 of 1st period - Travis Boyd wins face-off versus Evgeni Malkin in Ducks zone.
0:15 of 1st period - Travis Boyd is hit by Evgeni Malkin.
0:55 of 1st period - Shot by Erik Gustafsson.
0:55 of 1st period - Stopped by Frederik Andersen without a rebound.
0:56 of 1st period - Phillip Danault wins face-off versus Dylan Cozens in Ducks zone.
1:11 of 1st period - Shot by Pierre-Luc Dubois.
1:11 of 1st period - Shot Misses the Net.
1:14 of 1st period - Phillip Danault is hit by Justin Schultz and loses puck.
1:24 of 1st period - Shot by Adam Fox.
1:24 of 1st period - Stopped by Andrei Vasilevskiy without a rebound.
1:25 of 1st period - Sam Reinhart wins face-off versus Joe Pavelski in Devils zone.
1:36 of 1st period - Shot by Adrian Kempe.
1:36 of 1st period - Goal by Adrian Kempe - Devils : 0 - Ducks : 1.
1:37 of 1st period - Dominik Kubalik wins face-off versus Claude Giroux in neutral zone.
1:55 of 1st period - Claude Giroux is hit by Mikhail Sergachev and loses puck.
1:57 of 1st period - Minor Penalty to Dougie Hamilton for Cross-checking.
1:58 of 1st period - Dylan Cozens wins face-off versus Phillip Danault in Devils zone.
2:04 of 1st period - Icing by Adrian Kempe.
2:05 of 1st period - Dylan Cozens wins face-off versus Phillip Danault in Ducks zone.
2:38 of 1st period - Shot by Adrian Kempe.
2:38 of 1st period - Shot Misses the Net.
2:40 of 1st period - Shot by Rasmus Dahlin.
2:40 of 1st period - Shot Misses the Net.
2:42 of 1st period - Shot by Rasmus Dahlin.
2:42 of 1st period - Stopped by Andrei Vasilevskiy without a rebound.
2:43 of 1st period - Nicklas Backstrom wins face-off versus Joe Pavelski in Devils zone.
2:43 of 1st period - Erik Gustafsson is hit by Pierre-Luc Dubois and loses puck.
2:50 of 1st period - Shot by Jason Robertson.
2:50 of 1st period - Deflect By Joe Pavelski.
2:50 of 1st period - Goal by Joe Pavelski - Devils : 0 - Ducks : 2.
2:51 of 1st period - Sam Reinhart wins face-off versus Claude Giroux in neutral zone.
3:10 of 1st period - Shot by Jason Robertson.
3:10 of 1st period - Stopped by Andrei Vasilevskiy with a rebound.
3:12 of 1st period - Shot by Tyson Barrie.
3:12 of 1st period - Stopped by Andrei Vasilevskiy without a rebound.
3:13 of 1st period - Phillip Danault wins face-off versus Dylan Cozens in Devils zone.
4:16 of 1st period - Shot by Jason Robertson.
4:16 of 1st period - Stopped by Andrei Vasilevskiy without a rebound.
4:17 of 1st period - Travis Boyd wins face-off versus Matt Boldy in Devils zone.
4:30 of 1st period - Shot by Zach Hyman.
4:30 of 1st period - Shot Misses the Net.
4:40 of 1st period - Shot by Damon Severson.
4:40 of 1st period - Shot Misses the Net.
4:42 of 1st period - Shot by Nino Niederreiter.
4:42 of 1st period - Stopped by Frederik Andersen without a rebound.
4:43 of 1st period - Sam Reinhart wins face-off versus Joe Pavelski in Ducks zone.
4:52 of 1st period - Shot by Chris Kreider.
4:52 of 1st period - Stopped by Frederik Andersen without a rebound.
4:53 of 1st period - Sam Reinhart wins face-off versus Joe Pavelski in Ducks zone.
5:59 of 1st period - Shot by Travis Boyd.
5:59 of 1st period - Stopped by Andrei Vasilevskiy without a rebound.
6:00 of 1st period - Phillip Danault wins face-off versus Evgeni Malkin in Devils zone.
6:17 of 1st period - Shot by Phillip Danault.
6:17 of 1st period - Shot Misses the Net.
6:19 of 1st period - Shot by Pierre-Luc Dubois.
6:19 of 1st period - Deflect By Mats Zuccarello.
6:19 of 1st period - Goal by Mats Zuccarello - Devils : 0 - Ducks : 3.
6:20 of 1st period - Dylan Cozens wins face-off versus Patrick Kane in neutral zone.
6:20 of 1st period - Dylan Cozens is hit by Travis Boyd.
6:24 of 1st period - Travis Boyd is hit by Dylan Cozens and loses puck.
6:56 of 1st period - Shot by Mike Hoffman.
6:56 of 1st period - Shot Misses the Net.
7:48 of 1st period - Shot by Evgeni Malkin.
7:48 of 1st period - Stopped by Frederik Andersen without a rebound.
7:49 of 1st period - Sam Reinhart wins face-off versus Phillip Danault in Ducks zone.
8:07 of 1st period - Icing by Jack Johnson.
8:08 of 1st period - Nicklas Backstrom wins face-off versus Phillip Danault in Ducks zone.
8:19 of 1st period - Shot by Pierre-Luc Dubois.
8:19 of 1st period - Stopped by Andrei Vasilevskiy without a rebound.
8:20 of 1st period - Evgeni Malkin wins face-off versus Jason Robertson in Devils zone.
8:58 of 1st period - Shot by Matt Boldy.
8:58 of 1st period - Stopped by Frederik Andersen without a rebound.
8:59 of 1st period - Travis Boyd wins face-off versus Sam Reinhart in Ducks zone.
9:08 of 1st period - Icing by Chris Kreider.
9:09 of 1st period - Phillip Danault wins face-off versus Sam Reinhart in Devils zone.
9:31 of 1st period - Shot by Mats Zuccarello.
9:31 of 1st period - Stopped by Andrei Vasilevskiy without a rebound.
9:32 of 1st period - Dylan Cozens wins face-off versus Travis Boyd in Devils zone.
9:45 of 1st period - Tyson Barrie is hit by Dylan Cozens and loses puck.
10:43 of 1st period - Shot by Evgeni Malkin.
10:43 of 1st period - Stopped by Frederik Andersen without a rebound.
10:44 of 1st period - Sam Reinhart wins face-off versus Joe Pavelski in Ducks zone.
10:58 of 1st period - Joe Pavelski is hit by Dougie Hamilton and loses puck.
11:01 of 1st period - Shot by Adrian Kempe.
11:01 of 1st period - Shot Misses the Net.
11:05 of 1st period - Shot by Jason Robertson.
11:05 of 1st period - Stopped by Andrei Vasilevskiy without a rebound.
11:06 of 1st period - Phillip Danault wins face-off versus Evgeni Malkin in Devils zone.
11:33 of 1st period - Icing by Phillip Danault.
11:34 of 1st period - Sam Reinhart wins face-off versus Pierre-Luc Dubois in Ducks zone.
11:41 of 1st period - Shot by Travis Konecny.
11:41 of 1st period - Goal by Travis Konecny - Devils : 1 - Ducks : 3.
11:42 of 1st period - Claude Giroux wins face-off versus Chris Kreider in neutral zone.
11:58 of 1st period - Off-side.
11:59 of 1st period - Patrick Kane wins face-off versus Evgeni Malkin in neutral zone.
12:06 of 1st period - Minor Penalty to Zach Hyman for Hooking.
12:06 of 1st period - Minor Penalty to Evgeni Malkin for Roughing.
12:07 of 1st period - Sam Reinhart wins face-off versus Jason Robertson in neutral zone.
12:30 of 1st period - Shot by Sam Reinhart.
12:30 of 1st period - Shot Blocked by Rasmus Dahlin.
12:32 of 1st period - Shot by Mikhail Sergachev.
12:32 of 1st period - Goal by Mikhail Sergachev - Devils : 2 - Ducks : 3.
12:33 of 1st period - Jason Robertson wins face-off versus Sam Reinhart in neutral zone.
12:40 of 1st period - Shot by Pierre-Luc Dubois.
12:40 of 1st period - Shot Misses the Net.
13:02 of 1st period - Damon Severson is hit by Pierre-Luc Dubois and loses puck.
13:27 of 1st period - Shot by Joe Pavelski.
13:27 of 1st period - Shot Blocked by Mikhail Sergachev.
14:32 of 1st period - Minor Penalty to Mike Hoffman for Hooking.
14:33 of 1st period - Phillip Danault wins face-off versus Dylan Cozens in Devils zone.
15:02 of 1st period - Shot by Tyson Barrie.
15:02 of 1st period - Stopped by Andrei Vasilevskiy without a rebound.
15:03 of 1st period - Joe Pavelski wins face-off versus Dylan Cozens in Devils zone.
15:39 of 1st period - Icing by Joe Pavelski.
15:40 of 1st period - Joe Pavelski wins face-off versus Dylan Cozens in Ducks zone.
16:21 of 1st period - Shot by Adrian Kempe.
16:21 of 1st period - Deflect By Zach Hyman.
16:21 of 1st period - Shot Misses the Net.
16:33 of 1st period - Shot by Phillip Danault.
16:33 of 1st period - Stopped by Andrei Vasilevskiy without a rebound.
16:34 of 1st period - Travis Boyd wins face-off versus Evgeni Malkin in Devils zone.
16:34 of 1st period - Travis Boyd is hit by Erik Gustafsson.
16:56 of 1st period - Minor Penalty to Nino Niederreiter for Cross-checking.
16:57 of 1st period - Phillip Danault wins face-off versus Dylan Cozens in Devils zone.
17:17 of 1st period - Phillip Danault is hit by Kyle Okposo and loses puck.
18:04 of 1st period - Erik Gustafsson is hit by Joe Pavelski.
18:26 of 1st period - Shot by Pierre-Luc Dubois.
18:26 of 1st period - Deflect By Joe Pavelski.
18:26 of 1st period - Stopped by Andrei Vasilevskiy with a rebound.
18:46 of 1st period - Kyle Okposo is hit by Phillip Danault.
19:07 of 1st period - Shot by Travis Konecny.
19:07 of 1st period - Shot Misses the Net.
Goals for this period are 2 for Devils vs 3 for Ducks.
Shots for this period are 9 for Devils vs 15 for Ducks.

2nd period


0:01 of 2nd period - Joe Pavelski wins face-off versus Dylan Cozens in neutral zone.
0:12 of 2nd period - Shot by Adrian Kempe.
0:12 of 2nd period - Stopped by Andrei Vasilevskiy without a rebound.
0:13 of 2nd period - Evgeni Malkin wins face-off versus Phillip Danault in Devils zone.
0:22 of 2nd period - Shot by Nino Niederreiter.
0:22 of 2nd period - Shot Misses the Net.
0:56 of 2nd period - Shot by Matt Boldy.
0:56 of 2nd period - Stopped by Frederik Andersen without a rebound.
0:57 of 2nd period - Dylan Cozens wins face-off versus Joe Pavelski in Ducks zone.
1:51 of 2nd period - Shot by Travis Konecny.
1:51 of 2nd period - Shot Misses the Net.
2:06 of 2nd period - Icing by Urho Vaakanainen.
2:07 of 2nd period - Sam Reinhart wins face-off versus Phillip Danault in Devils zone.
2:07 of 2nd period - Sam Reinhart is hit by Mats Zuccarello.
2:27 of 2nd period - Phillip Danault is hit by Travis Konecny and loses puck.
3:03 of 2nd period - Icing by Mikhail Sergachev.
3:04 of 2nd period - Travis Boyd wins face-off versus Evgeni Malkin in Devils zone.
3:13 of 2nd period - Shot by Zach Hyman.
3:13 of 2nd period - Stopped by Andrei Vasilevskiy with a rebound.
3:15 of 2nd period - Shot by Zach Hyman.
3:15 of 2nd period - Stopped by Andrei Vasilevskiy without a rebound.
3:16 of 2nd period - Claude Giroux wins face-off versus Dylan Cozens in Devils zone.
3:17 of 2nd period - Shot by Nikolaj Ehlers.
3:17 of 2nd period - Shot Misses the Net.
3:41 of 2nd period - Shot by Jason Robertson.
3:41 of 2nd period - Shot Misses the Net.
4:10 of 2nd period - Icing by Dylan Cozens.
4:11 of 2nd period - Zach Hyman wins face-off versus Dylan Cozens in Devils zone.
4:27 of 2nd period - Minor Penalty to Travis Boyd for Holding.
4:28 of 2nd period - Sam Reinhart wins face-off versus Jason Robertson in Ducks zone.
4:37 of 2nd period - Shot by Dougie Hamilton.
4:37 of 2nd period - Shot Blocked by Pierre-Luc Dubois.
5:27 of 2nd period - Off-side.
5:28 of 2nd period - Evgeni Malkin wins face-off versus Joe Pavelski in neutral zone.
5:28 of 2nd period - Evgeni Malkin is hit by Adrian Kempe.
5:50 of 2nd period - Shot by Evgeni Malkin.
5:50 of 2nd period - Stopped by Frederik Andersen without a rebound.
5:51 of 2nd period - Jason Robertson wins face-off versus Evgeni Malkin in Ducks zone.
6:10 of 2nd period - Shot by Mikhail Sergachev.
6:10 of 2nd period - Stopped by Frederik Andersen without a rebound.
6:11 of 2nd period - Sam Reinhart wins face-off versus Joe Pavelski in Ducks zone.
6:11 of 2nd period - Sam Reinhart is hit by Moritz Seider.
6:20 of 2nd period - Chris Kreider is hit by Moritz Seider.
6:47 of 2nd period - Off-side.
6:48 of 2nd period - Evgeni Malkin wins face-off versus Phillip Danault in neutral zone.
7:15 of 2nd period - Shot by Phillip Danault.
7:15 of 2nd period - Shot Misses the Net.
7:17 of 2nd period - Shot by Phillip Danault.
7:17 of 2nd period - Stopped by Andrei Vasilevskiy without a rebound.
7:18 of 2nd period - Joe Pavelski wins face-off versus Sam Reinhart in Devils zone.
8:32 of 2nd period - Travis Boyd is hit by Nino Niederreiter and loses puck.
8:43 of 2nd period - Shot by Patrick Kane.
8:43 of 2nd period - Shot Misses the Net.
8:57 of 2nd period - Shot by Zach Hyman.
8:57 of 2nd period - Deflect By Patrick Kane.
8:57 of 2nd period - Stopped by Andrei Vasilevskiy without a rebound.
8:58 of 2nd period - Mike Hoffman wins face-off versus Phillip Danault in Devils zone.
10:08 of 2nd period - Icing by Brayden McNabb.
10:09 of 2nd period - Mats Zuccarello wins face-off versus Evgeni Malkin in Ducks zone.
10:09 of 2nd period - Mats Zuccarello is hit by Nino Niederreiter.
10:20 of 2nd period - Icing by Matt Boldy.
10:21 of 2nd period - Evgeni Malkin wins face-off versus Joe Pavelski in Devils zone.
11:07 of 2nd period - Shot by Jason Robertson.
11:07 of 2nd period - Stopped by Andrei Vasilevskiy without a rebound.
11:08 of 2nd period - Sam Reinhart wins face-off versus Patrick Kane in Devils zone.
11:29 of 2nd period - Shot by Patrick Kane.
11:29 of 2nd period - Shot Misses the Net.
11:43 of 2nd period - Shot by Travis Konecny.
11:43 of 2nd period - Shot Misses the Net.
11:45 of 2nd period - Shot by Travis Konecny.
11:45 of 2nd period - Shot Blocked by Tyson Barrie.
11:47 of 2nd period - Shot by Chris Kreider.
11:47 of 2nd period - Shot Misses the Net.
12:13 of 2nd period - Shot by Pierre-Luc Dubois.
12:13 of 2nd period - Shot Misses the Net.
12:15 of 2nd period - Shot by Phillip Danault.
12:15 of 2nd period - Shot Blocked by Damon Severson.
12:26 of 2nd period - Major / Game Misconduct Penalty to Damon Severson for Attempt to injure.
12:26 of 2nd period - Damon Severson is ejected from game.
12:27 of 2nd period - Joe Pavelski wins face-off versus Dylan Cozens in Devils zone.
13:47 of 2nd period - Icing by Zach Hyman.
13:48 of 2nd period - Nicklas Backstrom wins face-off versus Phillip Danault in Ducks zone.
14:39 of 2nd period - Shot by Joe Pavelski.
14:39 of 2nd period - Stopped by Andrei Vasilevskiy without a rebound.
14:40 of 2nd period - Dylan Cozens wins face-off versus Joe Pavelski in Devils zone.
15:05 of 2nd period - Shot by Adam Fox.
15:05 of 2nd period - Stopped by Andrei Vasilevskiy with a rebound.
15:07 of 2nd period - Shot by Adam Fox.
15:07 of 2nd period - Shot Misses the Net.
15:09 of 2nd period - Shot by Jason Robertson.
15:09 of 2nd period - Shot Blocked by Dougie Hamilton.
16:15 of 2nd period - Shot by Adam Fox.
16:15 of 2nd period - Stopped by Andrei Vasilevskiy with a rebound.
16:17 of 2nd period - Shot by Adam Fox.
16:17 of 2nd period - Stopped by Andrei Vasilevskiy with a rebound.
16:19 of 2nd period - Shot by Pierre-Luc Dubois.
16:19 of 2nd period - Stopped by Andrei Vasilevskiy without a rebound.
16:20 of 2nd period - Joe Pavelski wins face-off versus Dylan Cozens in Devils zone.
16:27 of 2nd period - Shot by Pierre-Luc Dubois.
16:27 of 2nd period - Stopped by Andrei Vasilevskiy without a rebound.
16:28 of 2nd period - Joe Pavelski wins face-off versus Nicklas Backstrom in Devils zone.
17:21 of 2nd period - Shot by Tyson Barrie.
17:21 of 2nd period - Shot Blocked by Mikhail Sergachev.
17:23 of 2nd period - Shot by Adrian Kempe.
17:23 of 2nd period - Stopped by Andrei Vasilevskiy without a rebound.
17:24 of 2nd period - Joe Pavelski wins face-off versus Dylan Cozens in Devils zone.
17:45 of 2nd period - Shot by Claude Giroux.
17:45 of 2nd period - Stopped by Andrei Vasilevskiy without a rebound.
17:46 of 2nd period - Sam Reinhart wins face-off versus Travis Boyd in Devils zone.
17:53 of 2nd period - Shot by Zach Hyman.
17:53 of 2nd period - Shot Misses the Net.
17:55 of 2nd period - Shot by Zach Hyman.
17:55 of 2nd period - Shot Misses the Net.
17:57 of 2nd period - Shot by Jack Johnson.
17:57 of 2nd period - Shot Misses the Net.
17:59 of 2nd period - Shot by Patrick Kane.
17:59 of 2nd period - Shot Blocked by Dougie Hamilton.
18:09 of 2nd period - Jack Johnson is hit by Travis Konecny and loses puck.
18:37 of 2nd period - Shot by Mats Zuccarello.
18:37 of 2nd period - Stopped by Andrei Vasilevskiy with a rebound.
18:39 of 2nd period - Shot by Pierre-Luc Dubois.
18:39 of 2nd period - Stopped by Andrei Vasilevskiy without a rebound.
18:40 of 2nd period - Dylan Cozens wins face-off versus Mats Zuccarello in Devils zone.
18:40 of 2nd period - Dylan Cozens is hit by Mats Zuccarello.
19:08 of 2nd period - Shot by Mike Hoffman.
19:08 of 2nd period - Deflect By Dylan Cozens.
19:08 of 2nd period - Shot Blocked by Tyson Barrie.
19:29 of 2nd period - Icing by Moritz Seider.
19:30 of 2nd period - Evgeni Malkin wins face-off versus Phillip Danault in Ducks zone.
19:31 of 2nd period - Shot by Matt Boldy.
19:31 of 2nd period - Stopped by Frederik Andersen without a rebound.
19:32 of 2nd period - Joe Pavelski wins face-off versus Evgeni Malkin in Ducks zone.
19:32 of 2nd period - Joe Pavelski is hit by Nino Niederreiter.
Goals for this period are 0 for Devils vs 0 for Ducks.
Shots for this period are 4 for Devils vs 16 for Ducks.

3rd period


0:01 of 3rd period - Evgeni Malkin wins face-off versus Joe Pavelski in neutral zone.
0:04 of 3rd period - Rasmus Dahlin is hit by Nino Niederreiter and loses puck.
0:14 of 3rd period - Minor Penalty to Mikhail Sergachev for Slashing.
0:15 of 3rd period - Joe Pavelski wins face-off versus Dylan Cozens in Devils zone.
0:20 of 3rd period - Shot by Joe Pavelski.
0:20 of 3rd period - Deflect By Pierre-Luc Dubois.
0:20 of 3rd period - Shot Misses the Net.
0:30 of 3rd period - Shot by Moritz Seider.
0:30 of 3rd period - Shot Misses the Net.
0:32 of 3rd period - Shot by Joe Pavelski.
0:32 of 3rd period - Stopped by Andrei Vasilevskiy with a rebound.
0:34 of 3rd period - Shot by Moritz Seider.
0:34 of 3rd period - Shot Misses the Net.
0:38 of 3rd period - Shot by Jason Robertson.
0:38 of 3rd period - Goal by Jason Robertson - Devils : 2 - Ducks : 4.
0:39 of 3rd period - Sam Reinhart wins face-off versus Travis Boyd in neutral zone.
1:13 of 3rd period - Shot by Patrick Kane.
1:13 of 3rd period - Stopped by Andrei Vasilevskiy without a rebound.
1:14 of 3rd period - Dylan Cozens wins face-off versus Joe Pavelski in Devils zone.
1:50 of 3rd period - Icing by Joe Pavelski.
1:51 of 3rd period - Joe Pavelski wins face-off versus Evgeni Malkin in Ducks zone.
2:02 of 3rd period - Shot by Adrian Kempe.
2:02 of 3rd period - Stopped by Andrei Vasilevskiy without a rebound.
2:03 of 3rd period - Travis Konecny wins face-off versus Travis Boyd in Devils zone.
2:30 of 3rd period - Shot by Sam Reinhart.
2:30 of 3rd period - Stopped by Frederik Andersen without a rebound.
2:31 of 3rd period - Evgeni Malkin wins face-off versus Phillip Danault in Ducks zone.
2:37 of 3rd period - Icing by Ryan McDonagh.
2:38 of 3rd period - Evgeni Malkin wins face-off versus Phillip Danault in Ducks zone.
2:58 of 3rd period - Icing by Mikhail Sergachev.
2:59 of 3rd period - Evgeni Malkin wins face-off versus Joe Pavelski in Devils zone.
3:08 of 3rd period - Shot by Matt Boldy.
3:08 of 3rd period - Shot Misses the Net.
3:10 of 3rd period - Shot by Mikhail Sergachev.
3:10 of 3rd period - Stopped by Frederik Andersen without a rebound.
3:11 of 3rd period - Dylan Cozens wins face-off versus Travis Boyd in Ducks zone.
3:26 of 3rd period - Moritz Seider is hit by Dylan Cozens and loses puck.
3:37 of 3rd period - Shot by Tyson Barrie.
3:37 of 3rd period - Shot Misses the Net.
3:43 of 3rd period - Shot by Mike Hoffman.
3:43 of 3rd period - Shot Misses the Net.
4:26 of 3rd period - Minor Penalty to Chris Kreider for Holding.
4:27 of 3rd period - Dylan Cozens wins face-off versus Joe Pavelski in Devils zone.
4:42 of 3rd period - Shot by Rasmus Dahlin.
4:42 of 3rd period - Shot Misses the Net.
4:56 of 3rd period - Shot by Joe Pavelski.
4:56 of 3rd period - Stopped by Andrei Vasilevskiy with a rebound.
6:38 of 3rd period - Shot by Ryan McDonagh.
6:38 of 3rd period - Shot Misses the Net.
6:44 of 3rd period - Shot by Patrick Kane.
6:44 of 3rd period - Stopped by Andrei Vasilevskiy without a rebound.
6:45 of 3rd period - Travis Boyd wins face-off versus Dylan Cozens in Devils zone.
6:58 of 3rd period - Zach Hyman is hit by Dylan Cozens.
7:03 of 3rd period - Icing by Brayden McNabb.
7:04 of 3rd period - Travis Boyd wins face-off versus Sam Reinhart in Ducks zone.
7:22 of 3rd period - Shot by Zach Hyman.
7:22 of 3rd period - Stopped by Andrei Vasilevskiy without a rebound.
7:23 of 3rd period - Evgeni Malkin wins face-off versus Phillip Danault in Devils zone.
7:23 of 3rd period - Evgeni Malkin is hit by Mats Zuccarello.
7:31 of 3rd period - Moritz Seider is hit by Nino Niederreiter and loses puck.
7:38 of 3rd period - Shot by Nino Niederreiter.
7:38 of 3rd period - Stopped by Frederik Andersen without a rebound.
7:39 of 3rd period - Mathieu Joseph wins face-off versus Joe Pavelski in Ducks zone.
7:42 of 3rd period - Shot by Mike Hoffman.
7:42 of 3rd period - Deflect By Dylan Cozens.
7:42 of 3rd period - Stopped by Frederik Andersen with a rebound.
7:51 of 3rd period - Adam Fox is hit by Urho Vaakanainen and loses puck.
8:26 of 3rd period - Icing by Justin Schultz.
8:27 of 3rd period - Phillip Danault wins face-off versus Dylan Cozens in Devils zone.
8:27 of 3rd period - Moritz Seider is hit by Justin Schultz and loses puck.
8:43 of 3rd period - Icing by Urho Vaakanainen.
8:44 of 3rd period - Travis Boyd wins face-off versus Dylan Cozens in Devils zone.
8:52 of 3rd period - Patrick Kane is hit by Urho Vaakanainen and loses puck.
9:15 of 3rd period - Dougie Hamilton is hit by Brayden McNabb and loses puck.
9:18 of 3rd period - Shot by Matt Boldy.
9:18 of 3rd period - Stopped by Frederik Andersen without a rebound.
9:19 of 3rd period - Joe Pavelski wins face-off versus Chris Kreider in Ducks zone.
9:19 of 3rd period - Joe Pavelski is hit by Travis Konecny.
10:13 of 3rd period - Chris Kreider is hit by Pierre-Luc Dubois and loses puck.
10:24 of 3rd period - Shot by Pierre-Luc Dubois.
10:24 of 3rd period - Shot Misses the Net.
10:26 of 3rd period - Shot by Pierre-Luc Dubois.
10:26 of 3rd period - Shot Misses the Net.
10:28 of 3rd period - Shot by Moritz Seider.
10:28 of 3rd period - Goal by Moritz Seider - Devils : 2 - Ducks : 5.
10:29 of 3rd period - Travis Boyd wins face-off versus Matt Boldy in neutral zone.
11:38 of 3rd period - Moritz Seider is hit by Mathieu Joseph and loses puck.
12:39 of 3rd period - Shot by Jason Robertson.
12:39 of 3rd period - Deflect By Joe Pavelski.
12:39 of 3rd period - Shot Misses the Net.
13:35 of 3rd period - Shot by Patrick Kane.
13:35 of 3rd period - Stopped by Andrei Vasilevskiy without a rebound.
13:36 of 3rd period - Sam Reinhart wins face-off versus Phillip Danault in Devils zone.
13:44 of 3rd period - Icing by Erik Gustafsson.
13:45 of 3rd period - Sam Reinhart wins face-off versus Phillip Danault in Devils zone.
14:14 of 3rd period - Shot by Pierre-Luc Dubois.
14:14 of 3rd period - Shot Misses the Net.
15:00 of 3rd period - Minor Penalty to Nino Niederreiter for Hooking.
15:01 of 3rd period - Dylan Cozens wins face-off versus Joe Pavelski in Devils zone.
15:01 of 3rd period - Dylan Cozens is hit by Joe Pavelski.
15:06 of 3rd period - Kyle Okposo is hit by Rasmus Dahlin and loses puck.
15:43 of 3rd period - Shot by Adam Fox.
15:43 of 3rd period - Shot Blocked by Dylan Cozens.
15:45 of 3rd period - Shot by Rasmus Dahlin.
15:45 of 3rd period - Shot Misses the Net.
15:47 of 3rd period - Shot by Jason Robertson.
15:47 of 3rd period - Stopped by Andrei Vasilevskiy without a rebound.
15:48 of 3rd period - Phillip Danault wins face-off versus Nicklas Backstrom in Devils zone.
15:58 of 3rd period - Off-side.
15:59 of 3rd period - Dylan Cozens wins face-off versus Joe Pavelski in neutral zone.
16:10 of 3rd period - Shot by Rasmus Dahlin.
16:10 of 3rd period - Shot Misses the Net.
16:12 of 3rd period - Shot by Adam Fox.
16:12 of 3rd period - Shot Misses the Net.
16:18 of 3rd period - Shot by Pierre-Luc Dubois.
16:18 of 3rd period - Stopped by Andrei Vasilevskiy without a rebound.
16:19 of 3rd period - Nicklas Backstrom wins face-off versus Phillip Danault in Devils zone.
16:19 of 3rd period - Mathieu Joseph is hit by Phillip Danault and loses puck.
16:48 of 3rd period - Shot by Adrian Kempe.
16:48 of 3rd period - Shot Misses the Net.
17:12 of 3rd period - Icing by Dougie Hamilton.
17:13 of 3rd period - Evgeni Malkin wins face-off versus Zach Hyman in Devils zone.
17:29 of 3rd period - Shot by Evgeni Malkin.
17:29 of 3rd period - Shot Misses the Net.
17:35 of 3rd period - Shot by Patrick Kane.
17:35 of 3rd period - Shot Misses the Net.
17:54 of 3rd period - Icing by Dougie Hamilton.
17:55 of 3rd period - Nino Niederreiter wins face-off versus Nikolaj Ehlers in Devils zone.
18:20 of 3rd period - Shot by Sam Reinhart.
18:20 of 3rd period - Stopped by Frederik Andersen with a rebound.
18:22 of 3rd period - Shot by Sam Reinhart.
18:22 of 3rd period - Shot Misses the Net.
18:29 of 3rd period - Shot by Chris Kreider.
18:29 of 3rd period - Shot Blocked by Ryan McDonagh.
18:33 of 3rd period - Shot by Sam Reinhart.
18:33 of 3rd period - Stopped by Frederik Andersen without a rebound.
18:34 of 3rd period - Phillip Danault wins face-off versus Dylan Cozens in Ducks zone.
18:34 of 3rd period - Phillip Danault is hit by Mathieu Joseph.
19:04 of 3rd period - Shot by Pierre-Luc Dubois.
19:04 of 3rd period - Stopped by Andrei Vasilevskiy without a rebound.
19:05 of 3rd period - Travis Boyd wins face-off versus Evgeni Malkin in Devils zone.
Goals for this period are 0 for Devils vs 2 for Ducks.
Shots for this period are 7 for Devils vs 12 for Ducks.